[Event "*** Titled Tuesday Blitz"]
[Site "Chess.com"]
[Date "2020.12.29"]
[Round "1"]
[White "PavelChernomordik"]
[Black "Titus369"]
[Result "1-0"]
[WhiteElo "2283"]
[BlackElo "2548"]
[TimeControl "180+1"]
[EndTime "10:07:56 PST"]
[Termination "PavelChernomordik won by resignation"]

1. e4 c5 2. Nc3 Nc6 3. Bb5 Nd4 4. Bc4 e6 5. Nge2 a6 6. a4 Qc7 7. d3 Ne7 8. O-O Nec6 9. f4 Be7 10. Ng3 Rb8 11.
Nce2 b5 12. axb5 axb5 13. Ba2 Nxe2+ 14. Qxe2 Nd4 15. Qd1 g6 16. c3 Nc6 17. f5 gxf5 18. exf5 d5 19. fxe6 Bxe6 20. Nf5 Bf6 21. Bf4 Be5 22.
Bxe5 Qxe5 23. Qf3 Kf8 24. Rae1 Qxf5 25. Qxf5 Bxf5 26. Rxf5 Ne7 27. Rfe5 Rb7 28. Bxd5 Nxd5 29. Rxd5 Rc7 30. Ree5 Kg7 31. Rxc5 Ra7 32. Rxb5 Ra1+ 33. Kf2 Rha8 34. Rf5 R8a7 35. d4 Rc1 36. Rbe5 Ra2 37.
Re2 Raa1 38. Kg3 Kg6 39. Ref2 Re1 40. Rf6+ Kg7 41. Rxf7+ Kg8 42. Rb7 Ra8 43. Rff7 Re3+ 44. Kf2 Rae8 45. Rg7+ Kh8 46. Rxh7+ Kg8 47. Rhg7+ Kh8 48.
Rgf7 Re2+ 49. Kg3 R8e3+ 50. Rf3 Re8 51. Kh3 R2e6 52. g3 Rh6+ 53. Kg2 Re2+ 54. Rf2 Rxh2+ 55.
Kxh2 Rxf2+ 56. Kh3 Rf6 57. Kg4 Rg6+ 58. Kf4 Ra6 59. d5 Rf6+ 60. Ke5 Rg6 61. d6 Rxg3 62. d7 Rd3 63. Rb8+ Kg7 64. d8=Q Rxd8 65. Rxd8 1-0

[Event "*** Titled Tuesday Blitz"]
[Site "Chess.com"]
[Date "2020.12.29"]
[Round "1"]
[White "kleopl"]
[Black "Chopper1905"]
[Result "0-1"]
[WhiteElo "2467"]
[BlackElo "2934"]
[TimeControl "180+1"]
[EndTime "10:07:57 PST"]
[Termination "Chopper1905 won by resignation"]

1. e4 c6 2. Nc3 d5 3. d4 dxe4 4. Nxe4 Nf6 5. Nxf6+ exf6 6. c3 Bd6 7. Bd3 O-O 8. Ne2 Re8 9. O-O Nd7 10. Rb1 a5 11.
Bf4 Nf8 12. Bxd6 Qxd6 13. Ng3 a4 14. b3 axb3 15. axb3 Ng6 16. Ne4 Qc7 17. Re1 Be6 18.
Nc5 Bd5 19. c4 Be6 20. Nxe6 fxe6 21. Bxg6 hxg6 22. Qg4 Kf7 23. h4 Rad8 24. Rbd1 Qa5 25. Re3 Qf5 26. Qxf5 gxf5 27. Red3 Rd7 28. Kf1 f4 29. Ke2 Rh8 30. g3 Kg6 31. Kf3 fxg3 32. fxg3 Rhd8 33. g4 Kf7 34. Ke4 Ra8 35. Rf1 Ra2 36.
Kf3 Rh2 37. Kg3 Rb2 38. Re1 e5 39. d5 Ke7 40. g5 cxd5 41. cxd5 Kd6 42. gxf6 gxf6 43.
h5 Rg7+ 44. Kh3 f5 45. Rg3 Rh7 46. Rg5 Rxb3+ 47. Kh2 Rf3 48. Rd1 e4 49. Kg2 Ke5 50. d6 Rd3 51. Rxd3 exd3 52. Kf3 Rd7 53. Ke3 Rxd6 54.
Rg6 Rxg6 55. hxg6 Kf6 56. Kxd3 Kxg6 0-1

[Event "*** Titled Tuesday Blitz"]
[Site "Chess.com"]
[Date "2020.12.29"]
[Round "1"]
[White "KaterinaMiroshnik"]
[Black "HrvojeZagreb"]
[Result "1-0"]
[WhiteElo "2545"]
[BlackElo "2232"]
[TimeControl "180+1"]
[EndTime "10:07:57 PST"]
[Termination "KaterinaMiroshnik won by resignation"]

1. d3 e5 2. Nf3 d6 3. Nbd2 f5 4. e4 Nf6 5. Be2 Nc6 6. O-O Be7 7. c3 O-O 8. Qc2 a5 9. a4 Qe8 10. b3 f4 11. d4 h6 12. Bb2 g5 13. dxe5 dxe5 14.
c4 Bc5 15. Nb1 Nb4 16. Qc3 Nxe4 17. Qxe5 Qxe5 18. Bxe5 c6 19. Nc3 Bf5 20. Nxe4 Bxe4 21. Rad1 Rad8 22. Rxd8 Rxd8 23. Bc7 Re8 24. Bxa5 Bc2 25.
Bd1 Bf5 26. Re1 Rxe1+ 27. Nxe1 Kf7 28. Kf1 Ke6 29. Ke2 g4 30. Bxb4 Bxb4 31. Bc2 Bxc2 32. Nxc2 Bc5 33. b4 Ba7 34. f3 h5 35. c5 Ke5 36.
Kd3 b6 37. Kc4 bxc5 38. bxc5 h4 39. fxg4 h3 40. gxh3 Ke4 41. g5 Bb8 42. g6 Be5 43.
Ne1 Ke3 44. Nd3 Bg7 45. a5 f3 46. a6 f2 47. Nxf2 Kxf2 48. a7 Kg2 49. a8=Q Kxh3 50. Qxc6 Kxh2 51. Qf3 Kg1 52. Qf7 Be5 53. g7 Bxg7 54.
Qxg7+ Kh2 55. c6 1-0

[Event "*** Titled Tuesday Blitz"]
[Site "Chess.com"]
[Date "2020.12.29"]
[Round "1"]
[White "TengisChess"]
[Black "ckgchess"]
[Result "0-1"]
[WhiteElo "2411"]
[BlackElo "2784"]
[TimeControl "180+1"]
[EndTime "10:07:58 PST"]
[Termination "ckgchess won by resignation"]

1. d4 c5 2. e3 Nf6 3. Nf3 g6 4. Bd3 Bg7 5. O-O O-O 6. b3 cxd4 7. exd4 d5 8. Bf4 Nc6 9. c3 Ne4 10. Qe2 Bf5 11. Bxe4 dxe4 12. Ng5 e5 13. dxe5 Qd3 14. Re1 Rad8 15. Nd2 Qxe2 16. Rxe2 Nxe5 17. Bxe5 Bxe5 18. Ngxe4 Rd3 19. Rae1 Bxc3 20. Nxc3 Rxc3 21. Nc4 Be6 22. Nd6 Rd8 23. Ne4 Rc6 24. h3 h6 25. Kh2 a5 26.
f4 Rd4 27. g4 a4 28. bxa4 Rxa4 29. Nf6+ Kg7 30. g5 Rxf4 31. Ne8+ Kh7 32. Nf6+ Kh8 33.
Ne4 hxg5 34. Nxg5 Bc4 35. Re7 Kg7 36. R1e4 Rxe4 37. Nxe4 b5 38. a3 Ra6 39. Rb7 Rxa3 40. Nd6 Rb3 41. Rc7 Be6 42. Rb7 Rxh3+ 43. Kg2 Rd3 44.
Rb6 b4 45. Ne8+ Kf8 46. Nf6 b3 47. Rb8+ Ke7 48. Ne4 Bd5 49. Rb7+ Bxb7 0-1

[Event "*** Titled Tuesday Blitz"]
[Site "Chess.com"]
[Date "2020.12.29"]
[Round "1"]
[White "Arseniy_Nesterov"]
[Black "Vyacheslav_N"]
[Result "1/2-1/2"]
[WhiteElo "2762"]
[BlackElo "2417"]
[TimeControl "180+1"]
[EndTime "10:07:58 PST"]
[Termination "Game drawn by agreement"]

1. d4 f5 2. c4 Nf6 3. Nf3 e6 4. g3 d5 5. Bg2 c6 6. O-O Bd6 7. Nbd2 Qe7 8. Ne5 Nbd7 9. Nd3 O-O 10. Qc2 Ne4 11. Nf3 b6 12. Bf4 Bb7 13. Bxd6 Qxd6 14. b4 Qe7 15. c5 b5 16. a4 a6 17. Nfe5 Nef6 18. Ra2 Nxe5 19. Nxe5 Nd7 20. Nxd7 Qxd7 21. Rfa1 f4 22. axb5 axb5 23. Rxa8 Rxa8 24. Rxa8+ Bxa8 25. Qa2 Bb7 26. gxf4 Qc8 27. Bh3 Kf7 28. e3 Qa8 29.
Qxa8 Bxa8 30. Kg2 g6 31. f3 Bb7 32. e4 Kf6 33. Kg3 Bc8 34. Bg4 Bd7 35. h4 h5 36.
Bh3 Bc8 37. Bf1 Bd7 38. Bd3 Be8 39.
Bf1 Bd7 40. Kf2 Be8 41. Bh3 Bd7 42. exd5 cxd5 43. Bf1 Bc6 44. Bd3 Be8 45. Kg3 Bc6 46. Kg2 Be8 47. Kf2 Bc6 48. Ke3 Be8 49. f5 exf5 50. Kf4 Bc6 51. Bc2 Bd7 52. Bb3 Bc6 53. Ba2 Bb7 54. Bb1 Bc6 55. Bd3 Bd7 56. Bf1 Bc6 1/2-1/2

[Event "*** Titled Tuesday Blitz"]
[Site "Chess.com"]
[Date "2020.12.29"]
[Round "1"]
[White "The_Chess_Coach"]
[Black "Karacsonyi_Gellert"]
[Result "0-1"]
[WhiteElo "2298"]
[BlackElo "2596"]
[TimeControl "180+1"]
[EndTime "10:07:58 PST"]
[Termination "Karacsonyi_Gellert won by resignation"]

1. d4 Nf6 2. c4 e6 3. Nc3 Bb4 4. e3 O-O 5. Bd3 c5 6. Nf3 d5 7. O-O dxc4 8. Bxc4 cxd4 9. exd4 b6 10. Bg5 Bb7 11. Rc1 Nc6 12. a3 Be7 13. Ba2 h6 14. Bh4 Nd5 15. Bxe7 Ncxe7 16. Qd2 Rc8 17. Ne5 Nxc3 18.
Rxc3 Rxc3 19. bxc3 Nc6 20. Re1 Nxe5 21. Rxe5 Qc7 22.
f4 Rc8 23. c4 Rd8 24. Re1 Qd6 25. Rd1 Qxa3 26. Bb1 Qb3 27. Bd3 g6 28. h4 Rxd4 29.
Qe2 Rxf4 30. Bxg6 Qc3 31. Bh5 Qf6 32. Rd7 Qa1+ 33. Kh2 Bc6 34. Qe3 Rxh4+ 35. Kg3 Bxd7 36. Kxh4 Qf6+ 37. Kh3 e5+ 38. Kh2 Qf4+ 39. Qg3+ Qxg3+ 40.
Kxg3 a5 41. Bd1 a4 42. Bc2 a3 43. Bb3 Bc6 44. Kf2 f5 45. g3 Kg7 46. Ke3 Kf6 47.
Kd3 Ba4 48. Ba2 h5 49. c5 bxc5 50. Kc4 f4 51. Kxc5 fxg3 52. Kb4 g2 53. Kxa4 g1=Q 54.
Kxa3 Qa7+ 55. Kb4 Qxa2 56. Kc5 Qb3 0-1

[Event "*** Titled Tuesday Blitz"]
[Site "Chess.com"]
[Date "2020.12.29"]
[Round "1"]
[White "cukin84"]
[Black "NateSolon"]
[Result "0-1"]
[WhiteElo "2163"]
[BlackElo "2515"]
[TimeControl "180+1"]
[EndTime "10:07:59 PST"]
[Termination "NateSolon won by resignation"]

1. e4 c5 2. Nc3 d6 3. f4 g6 4. Nf3 Bg7 5. Bc4 Nc6 6. O-O e6 7.
Bb5 Ne7 8. Kh1 O-O 9. d3 Nd4 10. Nxd4 cxd4 11. Ne2 a6 12. Ba4 b5 13. Bb3 Bb7 14.
a4 Qb6 15. Bd2 Bc6 16. a5 Qb7 17. Qe1 Kh8 18. Qh4 f5 19. Bxe6 fxe4 20. dxe4 Bxe4 21. Rf2 Bxc2 22. Bb4 Rad8 23. Ng3 d3 24. h3 Bxb2 25. Ra2 Bd4 26. Rfxc2 dxc2 27. Rxc2 Bf6 28. Bc3 Bxc3 29. Rxc3 b4 30. Rb3 Nd5 31. f5 Qe7 32. Qd4+ Nf6 33. Re3 Qg7 34. fxg6 hxg6 35. Bb3 Rfe8 36. Rf3 Nh5 37.
Qh4 Qh6 38. Nxh5 gxh5 39. Qd4+ Qg7 40. Qh4 Qe5 41. Rf1 Rf8 42. Re1 Qc5 43. Kh2 Rde8 44. Rd1 Qe5+ 45. Qg3 Qxg3+ 46. Kxg3 Rf6 47. Kh4 Re4+ 48.
Kg5 Kg7 49. Rd5 Re5+ 50. Rxe5 dxe5 51. Bc2 Rc6 52. Kxh5 Rxc2 53. Kg5 b3 0-1

[Event "*** Titled Tuesday Blitz"]
[Site "Chess.com"]
[Date "2020.12.29"]
[Round "1"]
[White "SHIVACalypso"]
[Black "dropstoneDP"]
[Result "0-1"]
[WhiteElo "2469"]
[BlackElo "2950"]
[TimeControl "180+1"]
[EndTime "10:08:00 PST"]
[Termination "dropstoneDP won on time"]

1. Nf3 f5 2. c4 Nf6 3. g3 g6 4. Bg2 Bg7 5. O-O O-O 6. Nc3 d6 7. Rb1 a5 8. a3 e5 9. d3 c6 10. b4 axb4 11. axb4 h6 12. b5 Be6 13. Nd2 d5 14.
Qb3 Qd6 15. Bb2 Nbd7 16. Ra1 d4 17. Na4 Rfb8 18. Ba3 c5 19. e3 dxe3 20. fxe3 Ra5 21. Nb1 Ng4 22. Bb2 Nxe3 23. Re1 Nxg2 24. Kxg2 Rba8 25.
Nbc3 h5 26. Rad1 Bf7 27. Qc2 Nf8 28. Bc1 Ne6 29. Be3 Nd4 30. Qf2 Rxa4 31. Nxa4 Rxa4 32. Bxd4 Qxd4 33. Re2 Qxf2+ 34. Kxf2 Kf8 35. Rb2 e4 36. Rbd2 Bd4+ 37. Kg2 e3 38. Re2 g5 39. Kf3 Ra3 40. h3 Kg7 41. Rc2 Kf6 42. Re2 Ke5 43. g4 fxg4+ 44. hxg4 h4 45. Rh2 Bg6 46. Rc2 Bxd3 47.
Rcd2 Be4+ 48. Ke2 exd2 49. Rxd2 Rh3 0-1

[Event "*** Titled Tuesday Blitz"]
[Site "Chess.com"]
[Date "2020.12.29"]
[Round "1"]
[White "Pedrada88"]
[Black "XDPS"]
[Result "0-1"]
[WhiteElo "2375"]
[BlackElo "2712"]
[TimeControl "180+1"]
[EndTime "10:08:00 PST"]
[Termination "XDPS won on time"]

1. Nf3 d5 2. g3 c6 3. Bg2 Bg4 4. O-O Nf6 5. d4 Nbd7 6. Nbd2 e6 7. Re1 Be7 8. e4 dxe4 9. Nxe4 O-O 10. c3 Qb6 11. Qb3 Nxe4 12. Rxe4 Bf5 13. Re1 h6 14. Ne5 Nxe5 15. Rxe5 Bd6 16. Re1 Qc7 17. c4 Be7 18. Bf4 Qd7 19. Rad1 Bf6 20. d5 exd5 21.
cxd5 c5 22. d6 Rab8 23. Qd5 b6 24. b3 Rfe8 25. h4 Rbd8 26. Qc6 Bc3 27. Qxd7 Bxd7 28.
Re7 Kf8 29. Rxe8+ Rxe8 30. Bd5 Re2 31. a4 Bd4 32. Rf1 Bh3 33. Bg2 Bxg2 34. Kxg2 Ke8 35. Kf3 Re6 36. Rd1 Kd7 37. b4 h5 38. bxc5 Bxc5 39. Rd5 g6 40. g4 hxg4+ 41. Kxg4 Re4 42. Kg5 Bxf2 43. Be5 Bxh4+ 44. Kh6 Bd8 45. Kg7 g5 46. Kxf7 g4 47. Kg6 Rxa4 48. Kf5 Ra5 0-1

[Event "*** Titled Tuesday Blitz"]
[Site "Chess.com"]
[Date "2020.12.29"]
[Round "1"]
[White "ljuks68"]
[Black "bascheyaro"]
[Result "0-1"]
[WhiteElo "2376"]
[BlackElo "2711"]
[TimeControl "180+1"]
[EndTime "10:08:00 PST"]
[Termination "bascheyaro won on time"]

1. e4 e6 2. d4 d5 3. Nc3 Bb4 4. e5 Ne7 5. a3 Bxc3+ 6. bxc3 b6 7. h4 Ba6 8. Bxa6 Nxa6 9. h5 h6 10. a4 c5 11. a5 O-O 12. Ne2 Qc8 13. O-O cxd4 14. cxd4 Qc4 15. Ra3 Rfc8 16. Rc3 Qa4 17. axb6 axb6 18. Rxc8+ Rxc8 19. c3 Qxd1 20. Rxd1 Nc6 21. f4 Na5 22. g4 Nc4 23. f5 Nc7 24. Nf4 Ra8 25. Rf1 Re8 26. fxe6 fxe6 27. Ng6 Nb5 28. Rf3 Na5 29. g5 hxg5 30. Bxg5 Nc6 31. Kf2 Ra8 32. Ke2 Nbxd4+ 33. cxd4 Nxd4+ 34. Ke3 Nxf3 35. Kxf3 b5 36. Be7 Kf7 37. Bd6 Ra4 38. Ke3 b4 39. Kd3 Ra3+ 40. Kc2 Rh3 41. Nf4 Rf3 42.
Nd3 b3+ 43. Kd2 Rh3 44. Nc5 Rh2+ 45. Kc1 b2+ 46. Kb1 d4 47. Nb7 d3 48. Bb4 d2 49.
Nd8+ Ke8 50. Bxd2 Kxd8 51. Bg5+ Kd7 0-1

[Event "*** Titled Tuesday Blitz"]
[Site "Chess.com"]
[Date "2020.12.29"]
[Round "1"]
[White "BobbySteen89"]
[Black "MacDaddyMac"]
[Result "1-0"]
[WhiteElo "2107"]
[BlackElo "2486"]
[TimeControl "180+1"]
[EndTime "10:08:00 PST"]
[Termination "BobbySteen89 won by checkmate"]

1. e4 e6 2. d4 d5 3. exd5 exd5 4. c4 Nf6 5. Nc3 Bb4 6. Bd3 O-O 7. Ne2 dxc4 8.
Bxc4 c5 9. O-O Nc6 10. dxc5 Qxd1 11. Rxd1 Bxc5 12. Bg5 Ng4 13. Ne4 Bb6 14. h3 Bf5 15. N2g3 Bxe4 16. Nxe4 Nge5 17. Bd5 h6 18. Bf4 Ng6 19.
Bd6 Rfe8 20. Kf1 Rac8 21. Rac1 Nge5 22. f4 Ng6 23. f5 Nh4 24. f6 Nf5 25. Bxc6 Rxc6 26.
Rxc6 bxc6 27. Be7 Ne3+ 28. Ke2 Nxd1 29. Kxd1 Bd4 30. Nd6 Rb8 31. fxg7 Bxg7 32. b3 Bf8 33. Nf5 Re8 34. Bxf8 Kxf8 35. Nxh6 Re5 36. Ng4 Ra5 37.
a4 Rc5 38. Kd2 Kg7 39. Ne3 Kg6 40. g4 Kg5 41. Ng2 a5 42. Kd3 Rc1 43. Kd2 Rg1 44.
Ne3 Rg3 45. h4+ Kxh4 46. Nf5+ Kxg4 47. Nxg3 Kxg3 48. b4 f5 49. bxa5 f4 50. a6 f3 51.
a7 f2 52. a8=Q f1=Q 53. Qg8+ Kh4 54. Qh7+ Kg5 55. Qg7+ Kh5 56. Qh7+ Kg4 57. Qg6+ Kh3 58. Qh5+ Kg3 59. Qg5+ Kh3 60. Qh5+ Kg3 61. Qg5+ Kh2 62.
Qh4+ Kg2 63. Qg4+ Kh1 64. Qh4+ Kg2 65. Qg4+ Kh2 66. Qh4+ Kg1 67. Qg4+ Qg2+ 68. Qxg2+ Kxg2 69. Kd3 Kf3 70. Kc4 Ke4 71. Kc5 Ke5 72. Kxc6 Ke6 73.
Kb7 Ke7 74. a5 Ke6 75. a6 Kd6 76. a7 Kc5 77. a8=Q Kd6 78. Qc8 Kd5 79. Qc7 Kd4 80. Qc6 Kd3 81. Kb6 Kd4 82. Qc5+ Kd3 83. Kb5 Ke2 84. Qd4 Kf3 85. Qe5 Kg2 86. Qf4 Kg1 87.
Qd2 Kf1 88. Kc4 Kg1 89. Kd3 Kf1 90. Ke3 Kg1 91. Kf3 Kh1 92. Qg2# 1-0

[Event "*** Titled Tuesday Blitz"]
[Site "Chess.com"]
[Date "2020.12.29"]
[Round "1"]
[White "Jadeit90"]
[Black "swisspower96"]
[Result "1/2-1/2"]
[WhiteElo "2357"]
[BlackElo "2659"]
[TimeControl "180+1"]
[EndTime "10:08:02 PST"]
[Termination "Game drawn by repetition"]

1. e4 c5 2. Nc3 Nc6 3. g3 g6 4.
Bg2 Bg7 5. d3 d6 6. Be3 Nf6 7.
Nge2 O-O 8. O-O Rb8 9. a4 a6 10. h3 e5 11. f4 Nd4 12. g4 b5 13. axb5 axb5 14. f5 b4 15. Nb1 Ne8 16. Nd2 Nc7 17.
Nc4 d5 18. Nd2 dxe4 19. dxe4 Ba6 20. Bxd4 cxd4 21. Nf3 b3 22. cxb3 Re8 23. g5 gxf5 24.
exf5 d3 25. Nc3 e4 26. f6 exf3 27. Qxf3 Bf8 28. Rad1 Qd4+ 29. Kh1 Rbd8 30. Qc6 d2 31. Qxc7 Bxf1 32. Rxf1 Bd6 33. Qc6 Qe5 34. Kg1 Qh2+ 35. Kf2 Qg3+ 36. Kg1 Re1 37. Qf3 Qxg5 38. Ne4 Qe5 39.
Qg4+ Kf8 40. Qg7+ Ke8 41. Qg8+ Kd7 42. Qxf7+ Kc8 43. Nxd6+ Rxd6 44. Qb7+ Kd8 45. Qb8+ Kd7 46. Qb7+ Ke6 47. Qc8+ Kf7 48. Qc7+ Kg6 49. Qg7+ Kh5 50. Qxh7+ Kg5 51. Qg7+ Kh5 52. Qh7+ Kg5 53. Qg7+ Kh5 54.
Qh7+ 1/2-1/2

[Event "*** Titled Tuesday Blitz"]
[Site "Chess.com"]
[Date "2020.12.29"]
[Round "1"]
[White "champ2005"]
[Black "zverr1"]
[Result "1-0"]
[WhiteElo "3001"]
[BlackElo "2474"]
[TimeControl "180+1"]
[EndTime "10:08:03 PST"]
[Termination "champ2005 won by resignation"]

1. c4 e5 2. Nc3 Nc6 3. g3 Bc5 4. Bg2 d6 5. e3 a6 6. Nge2 Ba7 7. d4 h5 8. dxe5 Nxe5 9. b3 h4 10.
Bb2 h3 11. Bd5 c6 12. Be4 f5 13. Bc2 Nf3+ 14. Kf1 Nf6 15. Nf4 Ne5 16. Nce2 g5 17. Nd3 Neg4 18. Nd4 Qe7 19. Qe2 O-O 20. Re1 Bd7 21. f3 c5 22. fxg4 cxd4 23. exd4 Qxe2+ 24. Rxe2 Nxg4 25. Nf2 Bc6 26. d5 Nxf2 27. Rxf2 Bxf2 28. Kxf2 Bd7 29. Ba3 Rf6 30. Bb2 Rf7 31. Ba3 Rf6 32. c5 dxc5 33. Bd3 Bb5 34. Rd1 Bxd3 35. Rxd3 b6 36.
Bb2 Rd6 37. Be5 Rd7 38. g4 f4 39. Rxh3 Kf7 40. Rh7+ Ke8 41. Rh8+ Kf7 42. Rxa8 Rxd5 43. Bc7 Rd2+ 44. Kf3 Rxa2 45. Bxb6 Rxh2 46. Bxc5 Rh3+ 47.
Ke4 Rxb3 48. Ra7+ Ke6 49. Rxa6+ Kf7 50. Bd4 Rb5 51. Rf6+ Ke7 52. Rf5 Rxf5 53. Kxf5 Kd6 54. Kxg5 f3 55. Kf4 Kd5 56. Bf2 1-0

[Event "*** Titled Tuesday Blitz"]
[Site "Chess.com"]
[Date "2020.12.29"]
[Round "1"]
[White "ChessQueen"]
[Black "Loy_Konstantin"]
[Result "1-0"]
[WhiteElo "2753"]
[BlackElo "2401"]
[TimeControl "180+1"]
[EndTime "10:08:03 PST"]
[Termination "ChessQueen won by resignation"]

1. e4 c5 2. c3 Nf6 3. e5 Nd5 4. Nf3 Nc6 5. Bc4 e6 6. d4 cxd4 7. cxd4 d6 8. O-O Be7 9. Qe2 O-O 10. Rd1 Qc7 11. Bd2 dxe5 12. dxe5 Rd8 13. Nc3 Nxc3 14. Bxc3 b6 15. h4 Bb7 16. Ng5 Rxd1+ 17. Rxd1 Rd8 18. Bd3 Bxg5 19. hxg5 Ne7 20. Bb4 g6 21.
Bd6 Qd7 22. Bb5 Bc6 23. Bxc6 Nxc6 24. Rc1 Rc8 25. Qb5 Nb8 26. Rxc8+ Qxc8 27. Be7 Nd7 28. Bf6 Nxf6 29. exf6 h6 30. g3 hxg5 31. Qxg5 Qd8 32. b3 Qd1+ 33. Kg2 Qd5+ 34. Qxd5 exd5 35. Kf3 Kh7 36. Kf4 Kh6 37. g4 g5+ 38. Ke5 Kg6 39. Kxd5 Kxf6 40. Kd6 Kg6 41. Ke5 f6+ 42. Ke6 Kg7 43.
b4 Kg6 44. b5 Kg7 45. Kd6 Kg6 46. Kc6 f5 47. Kb7 fxg4 48. Kxa7 Kf5 49. Kxb6 Kf4 50.
Kc6 Kf3 51. b6 Kxf2 52. b7 g3 53. b8=Q g2 54. Qb6+ Kf1 55. Qb1+ Kf2 56. Qf5+ Ke2 57. Qxg5 1-0

[Event "*** Titled Tuesday Blitz"]
[Site "Chess.com"]
[Date "2020.12.29"]
[Round "1"]
[White "Piotrek1979"]
[Black "PaulfromSPb"]
[Result "1-0"]
[WhiteElo "2377"]
[BlackElo "2671"]
[TimeControl "180+1"]
[EndTime "10:08:03 PST"]
[Termination "Piotrek1979 won by resignation"]

1. e4 c5 2. Nf3 d6 3. d4 cxd4 4.
Qxd4 Nc6 5. Bb5 Bd7 6. Qd3 Nf6 7.
Nc3 g6 8. Bg5 Bg7 9. O-O-O O-O 10. e5 Ne8 11. exd6 Nxd6 12. Qxd6 exd6 13. Bxd8 Rfxd8 14. Rxd6 Bxc3 15. bxc3 Be8 16. Rhd1 Rxd6 17. Rxd6 Rc8 18.
Bxc6 Bxc6 19. Ne1 Kf8 20. Kd2 Ke7 21. Rd4 h5 22. h4 Ke6 23. g3 Bd5 24. a3 Bc4 25.
Nd3 b6 26. Nf4+ Ke7 27. Nd5+ Bxd5 28. Rxd5 Rc4 29. Rd4 Rc5 30. Ra4 Rc7 31. Kd3 Ke6 32. Re4+ Kf5 33. Rf4+ Ke5 34. c4 Rd7+ 35. Kc3 Rc7 36.
a4 Ke6 37. Rd4 Ke5 38. Kd3 Rb7 39. Rd5+ Ke6 40. Kd4 Rb8 41. c5 bxc5+ 42. Rxc5 Rb4+ 43. Rc4 Rb1 44. Rc6+ Kf5 45. Ra6 Rb7 46. f3 Rd7+ 47. Kc5 Rc7+ 48. Rc6 Rd7 49. Kb5 f6 50. c4 g5 51.
Rc5+ Kg6 52. hxg5 fxg5 53. f4 gxf4 54. gxf4 h4 55. Rg5+ Kf6 56. Rh5 Rb7+ 57. Kc6 Rb4 58. Kd5 Rxa4 59. Rxh4 Kf5 60. c5 Ra1 61. c6 a5 62. Kd6 Rd1+ 63. Ke7 Re1+ 64. Kd7 Rd1+ 65. Kc8 a4 66. Rh5+ Kg4 67. Ra5 Rd4 68. f5 Kg5 69. c7 Kf6 70. Kb7 Rb4+ 71. Kc6 Rc4+ 72. Rc5 1-0

[Event "*** Titled Tuesday Blitz"]
[Site "Chess.com"]
[Date "2020.12.29"]
[Round "1"]
[White "jerry_77"]
[Black "pirulillo"]
[Result "1-0"]
[WhiteElo "2500"]
[BlackElo "2085"]
[TimeControl "180+1"]
[EndTime "10:08:03 PST"]
[Termination "jerry_77 won on time"]

1. e4 c5 2. Nc3 Nc6 3. Nf3 g6 4. d4 cxd4 5. Nxd4 Bg7 6. Be3 Nf6 7. Bc4 d6 8. f3 Bd7 9. Qd2 Na5 10. Bb3 Nxb3 11.
axb3 a6 12. h4 h5 13. O-O-O b5 14. Kb1 Qa5 15. Rhe1 b4 16. Na2 Rb8 17. Ne2 Qb5 18. Nec1 a5 19. Nd3 O-O 20. Bh6 Bxh6 21. Qxh6 a4 22.
e5 axb3 23. cxb3 Bf5 24. Nc1 dxe5 25. g4 hxg4 26. h5 Rbd8 27. Re3 Nxh5 28. fxg4 Bxg4 29. Rg1 Bf5 30. Qxh5 e4 31. Rh3 Kg7 32. Qh6+ Kf6 33. Qh4+ Ke6 34. Re1 Kd7 35. Rhe3 Kc7 36. Qxe7+ Rd7 37.
Qxb4 exd3 38. Qc3+ Kb7 39. Qd2 Ra8 40. Re4 Bxe4 41. Rxe4 Ra6 42. Rb4 Qxb4 43. Qxb4+ Rb6 44. Qe4+ Kc7 45. Nxd3 Rbd6 46. Qc4+ Kd8 47. Qh4+ Kc7 48.
Nb4 Rd1+ 49. Ka2 Kb6 50. Qf2+ Kb5 51. Nc2 R7d6 52. Na3+ Kb4 53. Qf4+ R6d4 54. Nc2+ Ka5 55. Nxd4 g5 56. Qe5+ 1-0

[Event "*** Titled Tuesday Blitz"]
[Site "Chess.com"]
[Date "2020.12.29"]
[Round "1"]
[White "Rsnr"]
[Black "The_Machine04"]
[Result "0-1"]
[WhiteElo "2791"]
[BlackElo "2435"]
[TimeControl "180+1"]
[EndTime "10:08:07 PST"]
[Termination "The_Machine04 won by resignation"]

1. b3 d6 2. Bb2 e5 3. g3 f5 4. Bg2 Nf6 5. d4 e4 6. c4 Be7 7. Nh3 O-O 8. O-O c6 9. d5 c5 10. f3 exf3 11. exf3 Re8 12. Nd2 Bf8 13. Qc2 g6 14. Rae1 Bg7 15. f4 Na6 16. a3 Nc7 17. Ng5 h6 18. Ngf3 Bd7 19. h3 Kh7 20. b4 b6 21. Kh2 Rxe1 22. Rxe1 Qf8 23. bxc5 bxc5 24. Bc3 Rb8 25. Ba5 Na8 26. Rb1 Nb6 27. Qd3 Re8 28. Bxb6 axb6 29. Rxb6 Ra8 30. Ne1 Ba4 31. Qb1 Nd7 32. Rb7 Bc3 33. Ndf3 Qe7 34. Nd3 Qe2 35. Qf1 Qa2 36. Nb2 Bxb2 37. Qe2 Rb8 38. Ra7 Qb3 39. Nh4 Bf6 40. Qe6 Bxh4 41. gxh4 Rg8 42.
h5 gxh5 43. Qxf5+ Kh8 44. Qe4 Qg3+ 45. Kh1 Nf6 46. Qe2 Bd1 47. Qf1 Bc2 48. Re7 Bf5 49.
Re3 Qxe3 50. Bf3 Be4 0-1

[Event "*** Titled Tuesday Blitz"]
[Site "Chess.com"]
[Date "2020.12.29"]
[Round "1"]
[White "skoularikii"]
[Black "Nemsko"]
[Result "1-0"]
[WhiteElo "2609"]
[BlackElo "2313"]
[TimeControl "180+1"]
[EndTime "10:08:09 PST"]
[Termination "skoularikii won on time"]

1. e4 e5 2. Nf3 Nc6 3. Bc4 Bc5 4. Nc3 Nf6 5. d3 O-O 6. O-O a6 7. a4 d6 8. Ne2 Be6 9. Ng3 h6 10. c3 Ba7 11. a5 Qd7 12. Qb3 Rab8 13. Be3 Ng4 14. Bxa7 Nxa7 15. Bxe6 fxe6 16. d4 exd4 17. Nxd4 Rfe8 18. h3 Nf6 19. f4 Kh8 20. e5 Nh7 21.
Qc2 Nc6 22. Qg6 dxe5 23. Nxc6 Qxc6 24. fxe5 Qc5+ 25. Kh1 Qxe5 26. Rae1 Qg5 27. Qxg5 Nxg5 28. h4 Nh7 29. Rf7 Rbc8 30. Nh5 g6 31. Ng7 Kg8 32. Rd7 Red8 33. Rxd8+ Rxd8 34. Nxe6 Re8 35. Re4 Kf7 36. Nc5 Rxe4 37. Nxe4 b6 38. Kg1 Ke6 39. Kf2 Kd5 40. Ke3 bxa5 41. Kd3 c6 42. c4+ Ke5 43. Nc5 Kf4 44.
Nxa6 Kg3 45. Nb8 c5 46. Nd7 Kxg2 47. Nxc5 g5 48. hxg5 hxg5 49. Nd7 g4 50. c5 Ng5 51. Nf6 g3 52. Nh5 Ne6 53. c6 Kf3 54. Nxg3 Kxg3 55. Kc4 Kf4 56. Kd5 Nc7+ 57. Kd6 Nb5+ 58. Kc5 Nc7 59.
Kb6 Ne6 60. c7 Nxc7 61. Kxc7 a4 62. Kb6 Ke5 63. Kb5 1-0

[Event "*** Titled Tuesday Blitz"]
[Site "Chess.com"]
[Date "2020.12.29"]
[Round "1"]
[White "davigator"]
[Black "Storne89"]
[Result "0-1"]
[WhiteElo "2279"]
[BlackElo "2586"]
[TimeControl "180+1"]
[EndTime "10:08:09 PST"]
[Termination "Storne89 won on time"]

1. e4 c5 2. Nf3 Nc6 3. d4 cxd4 4. Nxd4 e5 5. Nb5 d6 6. c4 Be7 7. N1c3 a6 8. Na3 f5 9. exf5 Bxf5 10. Bd3 Be6 11.
Qh5+ Bf7 12. Qh3 Nf6 13. Bg5 h6 14. O-O Nd4 15. Bxf6 Bxf6 16. Ne4 O-O 17. Rad1 Be6 18. Qe3 Be7 19. f4 Qb6 20. Rf2 Rxf4 21. Rxf4 exf4 22. Qf2 f3 23. g3 Rf8 24. Kh1 Bd8 25. Bf1 Ne2 26.
Rxd6 Qxf2 27. Nxf2 Bf5 28. Rd2 Re8 29. Nc2 Bb6 30.
Nd1 Nc1 31. Nc3 Bxc2 32. Rxc2 Re1 33. h4 Rxf1+ 34. Kh2 Ne2 35. Ne4 Bg1+ 36. Kh3 h5 37. g4 hxg4+ 38. Kxg4 Be3 39. Ng5 Bxg5 40. hxg5 f2 41.
Kf3 Nd4+ 42. Kg2 Nxc2 43. Kxf1 Ne3+ 44. Kxf2 Nxc4 45. b3 Na3 46. Ke3 Kf7 47. Kd4 Kg6 48.
Kc5 b5 49. Kb6 Kxg5 50. Kxa6 Kf6 51. Ka5 g5 52. Kb4 g4 53. Kxa3 g3 54. Kb4 g2 55.
Kxb5 g1=Q 56. a4 Ke7 57. b4 Kd7 58. a5 Kc7 59. Ka4 Kc6 0-1

[Event "*** Titled Tuesday Blitz"]
[Site "Chess.com"]
[Date "2020.12.29"]
[Round "1"]
[White "ChronicUnhappiness"]
[Black "tdf98pantani"]
[Result "0-1"]
[WhiteElo "2339"]
[BlackElo "2652"]
[TimeControl "180+1"]
[EndTime "10:08:11 PST"]
[Termination "tdf98pantani won by resignation"]

1. c4 c6 2. d4 d5 3. Nf3 Nf6 4. e3 e6 5. b3 Bb4+ 6. Nbd2 O-O 7. Bb2 Re8 8. Bd3 Nbd7 9. O-O b6 10. Qc2 Bf8 11.
Rad1 Bb7 12. e4 dxe4 13. Nxe4 Nxe4 14. Bxe4 Nf6 15. Ne5 Qc7 16. Bf3 c5 17. Bxb7 Qxb7 18. dxc5 Bxc5 19. Bd4 Bf8 20. Rd3 Rad8 21. Rfd1 Qe4 22.
Nf3 e5 23. Bc3 Rxd3 24. Rxd3 Qf5 25. Rd2 e4 26. Nd4 Qg5 27. Re2 e3 28. Nf3 exf2+ 29.
Kxf2 Bc5+ 30. Kf1 Rxe2 31. Qxe2 Qc1+ 32. Qe1 Qxe1+ 33. Bxe1 Ne4 34. Ke2 f5 35. b4 Bd6 36.
h3 Kf7 37. g4 g6 38. gxf5 gxf5 39. Nd4 Kf6 40. Nc6 a6 41. b5 a5 42. Bf2 Nxf2 43. Kxf2 f4 44. Kf3 Kf5 45. Nd4+ Ke5 46. Ne2 Bc5 47. a4 h6 48. Nxf4 Kd4 49. Ne6+ Kxc4 50.
h4 Kb4 51. h5 Bg1 52. Nc7 Kxa4 53. Ke4 Kb4 54. Kd5 a4 55. Kc6 a3 56. Nd5+ Kb3 57.
Nf4 a2 0-1